 Dungeon Crawl Stone Soup version 0.23.1 (webtiles) character file.

Game seed: 10035100355121245536

27 Kairos the Skirmisher (level 3, 0/29 HPs)
             Began as a Formicid Abyssal Knight on Mar 3, 2019.
             Was a Follower of Lugonu.
             Slain by an adder (1 damage)
             ... on level 2 of the Dungeon.
             The game lasted 00:02:06 (875 turns).

Kairos the Skirmisher (Formicid Abyssal Knight)      Turns: 875, Time: 00:02:06

Health: 0/29       AC:  5    Str: 17    XL:     3   Next: 25%
Magic:  4/4        EV: 10    Int: 11    God:    Lugonu [*.....]
Gold:   170        SH:  0    Dex: 10    Spells: 2/2 levels left

rFire    . . .     SeeInvis +   a - +1 hand axe
rCold    + . .     Gourm    .   (no shield)
rNeg     . . .     Faith    .   g - +0 ring mail "Oliriox" {rC+} (curse)
rPois    .         Spirit   .   (helmet unavailable)
rElec    .         Reflect  .   (no cloak)
rCorr    .         Harm     .   (no gloves)
MR       +....                  (no boots)
Stlth    ..........             (no amulet)
HPRegen  0.09/turn              l - ring of protection from magic
MPRegen  0.09/turn              (no ring)

@: lethally poisoned (0 -> -8)
A: permanent stasis, dig shafts and tunnels, four strong arms, antennae 3
a: Dig, Shaft Self, Depart the Abyss, Renounce Religion


You were on level 2 of the Dungeon.
You worshipped Lugonu.
Lugonu was aware of your devotion.
You were not hungry.

You visited 1 branch of the dungeon, and saw 2 of its levels.
You visited the Abyss 1 time.

You collected 170 gold pieces.

Inventory:

Hand Weapons
 a - a +1 hand axe (weapon)
Missiles
 k - 8 tomahawks of returning (quivered)
Armour
 b - a +0 leather armour
 d - a +0 chain mail
 g - the cursed +0 ring mail "Oliriox" (worn) {rC+}
   (You found it on level 3 of the Abyss)

   It protects you from cold.
   It has a curse placed upon it.
Jewellery
 l - a ring of protection from magic (left hand)
Scrolls
 h - a scroll of identify
Potions
 f - a potion of cancellation {unknown}
 j - 3 potions of agility
 m - a potion of flight {unknown}
 n - a potion of heal wounds {unknown}
Comestibles
 c - 3 rations


   Skills:
 + Level 3.6 Fighting
 + Level 2.6 Axes
 + Level 2.7 Armour
 + Level 1.0 Dodging
 + Level 2.2 Invocations


You had 2 spell levels left.
You didn't know any spells.
Your spell library was empty.

Dungeon Overview and Level Annotations

Branches:
Dungeon (2/15)

Altars:


Innate Abilities, Weirdness & Mutations

You cannot be hasted, slowed, berserked, paralysed or teleported.
You can dig through walls and to a lower floor.
Your four strong arms can wield two-handed weapons with a shield.
You have a pair of large antennae on your head. (SInv)


Message History

You miss the adder.
The adder is severely wounded.
* * * LOW HITPOINT WARNING * * *
You feel sick. The adder barely misses you.
Unknown command.
You barely miss the adder.
The adder is severely wounded.
* * * LOW HITPOINT WARNING * * *
You feel sick. The adder barely misses you.
The adder bites you but does no damage.
Unknown command.
You closely miss the adder.
The adder is severely wounded.
* * * LOW HITPOINT WARNING * * *
You feel sick. The adder closely misses you. The adder barely misses you.
Unknown command.
You closely miss the adder.
The adder is severely wounded.
The adder bites you.
You die...

## #####.. #
?.....####### #.
#...<....#
#..####..>.....#
......#........#
...............#.#
.................#
......S@.......###
..................
...................
...................
...................
......#########....
###### ...


You could see an adder.

Vanquished Creatures
  A leopard gecko (D:1)
  A ball python (D:1)
  2 giant cockroaches
  A hobgoblin (D:1)
  A kobold (D:1)
  4 bats (D:1)
  3 frilled lizards (D:1)
  7 goblins (D:1)
  4 rats (D:1)
24 creatures vanquished.

Notes
Turn   | Place    | Note
-------+----------+-------------------------------------------
     0 | Abyss:1  | Kairos the Formicid Abyssal Knight began the quest for the
                  | Orb.
     0 | Abyss:1  | Reached XP level 1. HP: 18/18 MP: 2/2
    41 | Abyss:2  | Found a corrupted altar of Lugonu.
    51 | Abyss:2  | Noticed an ancient zyme
   122 | Abyss:3  | Noticed a ynoxinul
   124 | Abyss:3  | Found a hazy altar of Hepliaklqana.
   126 | Abyss:3  | Got a translucent ring mail
   133 | D:1      | Escaped the Abyss
   144 | D:1      | Identified the cursed +0 ring mail "Oliriox" {rC+} (You
                  | found it on level 3 of the Abyss)
   201 | D:1      | Reached XP level 2. HP: 11/24 MP: 3/3
   485 | D:1      | Reached * piety under Lugonu
   647 | D:1      | Reached XP level 3. HP: 29/29 MP: 4/4
   670 | D:1      | Reached skill level 1 in Dodging
   874 | D:2      | HP: 1/29 [poisoned by an adder]
   875 | D:2      | Slain by an adder

Skill      XL: |  1  2  3 |
---------------+----------+-----
Dodging        | 1 |  1.0
Fighting       | |  3.6
Axes           | |  2.6
Armour         | |  2.7
Invocations    | |  2.2

Action                   || total
-------------------------++-------
Melee: Hand axe          ||    80
Invok: Depart the Abyss  ||     1
  Use: Scroll            ||     3
Armor: Leather armour    ||     1
       Ring mail         ||    33
Dodge: Dodged            ||    66
